AoeStats
← KG4T. anolfo.xxx

Hill Fort

504597008Analyzed
2v2 RM · 26d ago on Sep 5, 2026· 50m 9s· 4 players
Game mode
Random Map
Map size
Medium (4 player)
Population
200
Speed
Normal
Resources
Standard
Victory
Conquest
Starting age
Dark Age
Ending age
Imperial Age
RankedLock teamsTeams togetherTeam positionsShared explorationLock speedFull tech treeHidden civsTurbo modeCheats
Victory
Defeat
🇲🇽 Tatars · Mexico
1306
+16
🇵🇪 Huns · Peru
1199
+20
🇦🇷 Georgians · Argentina
1300
-18
🇦🇷 Britons · Argentina
1287
-18
KG4T. anolfo.xxx
2:11 Loom
11:46 Feudal Age
18:38 Castle Age
21:14 Scale Barding Armor
20:59 Double-Bit Axe
20:56 Horse Collar
22:48 Chain Barding Armor
23:11 Bow Saw
23:07 Heavy Plow
23:58 Husbandry
24:39 Bloodlines
25:27 Forging
26:18 Wheelbarrow
26:23 Gold Mining
27:36 Stone Mining
31:53 Hand Cart
37:03 Imperial Age
36:13 Iron Casting
35:44 Marauders
39:00 Conscription
39:19 Plate Barding Armor
39:24 Gold Shaft Mining
40:27 Blast Furnace
39:29 Elite Tarkan
41:21 Town Watch
43:06 Town Patrol
44:11 Atheism
44:11 Caravan
44:52 Guilds
46:44 Two-Man Saw
48:47 Coinage
49:02 Coinage
48:08 Sappers
49:23 Fletching
49:33 Scale Mail Armor
49:33 Padded Archer Armor
8abner141
9:17 Loom
11:29 Feudal Age
15:36 Castle Age
14:29 Double-Bit Axe
15:36 Fletching
17:47 Bloodlines
18:51 Town Watch
19:32 Bodkin Arrow
22:27 Padded Archer Armor
27:05 Ballistics
29:25 Leather Archer Armor
30:55 Bow Saw
30:26 Horse Collar
32:56 Heavy Plow
33:19 Gold Mining
37:14 Wheelbarrow
37:17 Gold Shaft Mining
42:06 Imperial Age
43:20 Bracer
42:45 Heavy Cavalry Archer
45:09 Chemistry
49:15 Ring Archer Armor
50:25 Caravan
Mayhem
7:23 Loom
9:44 Feudal Age
10:21 Double-Bit Axe
14:00 Horse Collar
14:58 Gold Mining
15:39 Fletching
22:18 Castle Age
20:25 Padded Archer Armor
21:03 Stone Mining
22:25 Town Watch
22:54 Bodkin Arrow
22:37 Crossbowman
23:40 Bow Saw
23:46 Heavy Plow
24:31 Leather Archer Armor
27:30 Ballistics
29:18 Wheelbarrow
29:00 Treadmill Crane
30:11 Masonry
33:30 Gold Shaft Mining
35:48 Imperial Age
35:56 Arbalester
37:40 Chemistry
36:44 Bracer
38:25 Conscription
39:09 Two-Man Saw
40:03 Ring Archer Armor
40:35 Hand Cart
41:02 Yeomen
47:06 Scale Mail Armor
47:10 Squires
46:31 Pikeman
47:40 Halberdier
48:40 Chain Mail Armor
49:00 Forging
50:28 Plate Mail Armor
Mark Renton
7:35 Loom
10:14 Feudal Age
14:58 Castle Age
13:43 Double-Bit Axe
14:45 Horse Collar
15:23 Town Watch
16:09 Bow Saw
16:50 Wheelbarrow
19:51 Husbandry
22:06 Scale Barding Armor
22:12 Bloodlines
29:33 Chain Barding Armor
32:17 Fletching
32:38 Forging
33:12 Heavy Plow
33:20 Bodkin Arrow
38:49 Imperial Age
38:11 Iron Casting
38:57 Cavalier
40:36 Plate Barding Armor
42:06 Blast Furnace
43:32 Aznauri Cavalry
45:03 Bracer
45:22 Light Cavalry
46:24 Hussar
48:58 Crop Rotation
48:19 Gold Mining
50:10 Conscription
Connection lost

Rejoining the realm…

Still unreachable

The connection could not be restored.

Session expired

The server has moved on; the page needs a fresh start.